AoeStats
← TuCAAA :D

Arabia

509466555Analyzed
1v1 RM · 7d ago on Sep 26, 2026· 32m 31s· 2 players
Game mode
Random Map
Map size
Tiny (2 player)
Population
200
Speed
Normal
Resources
Standard
Victory
Conquest
Starting age
Dark Age
Ending age
Imperial Age
RankedLock teamsTeams togetherTeam positionsShared explorationLock speedFull tech treeHidden civsTurbo modeCheats
Victory
Defeat
🇧🇷 Varangians · Brazil
1190
+17
🇦🇷 Ethiopians · Argentina
1204
-17
[RZ] HardZeeiRa-BR
5:57 Loom
9:02 Feudal Age
9:48 Double-Bit Axe
14:48 Bloodlines
18:33 Wheelbarrow
22:24 Castle Age
20:22 Gold Mining
21:06 Scale Barding Armor
20:52 Horse Collar
22:18 Forging
26:01 Iron Casting
31:42 Chain Barding Armor
31:38 Stone Mining
32:30 Husbandry
TuCAAA :D
6:47 Loom
9:23 Feudal Age
10:07 Double-Bit Axe
12:19 Horse Collar
20:47 Castle Age
20:46 Padded Archer Armor
20:47 Gold Mining
20:50 Crossbowman
22:30 Fletching
27:54 Scale Mail Armor
28:43 Forging
Connection lost

Rejoining the realm…

Still unreachable

The connection could not be restored.

Session expired

The server has moved on; the page needs a fresh start.